SR
MONTGOMERY BISCUITS @ REDWOOD RHINOS
08/24/2038
 
TOP OF THE 1ST
Montgomery Biscuits batting - Pitching for Redwood Rhinos : RHP Gonzalo Rossi
Pitching: RHP Gonzalo Rossi
Batting: RHB Beau Stroud 0-0: Foul Ball, location: 2F
0-1: Ball
1-1: Ground out 4-3 (Groundball, 4, EV 85.6 MPH)
Batting: RHB Emílio Vivas 0-0: SINGLE (Groundball, 6MD, EV 101.2 MPH)
Batting: LHB Bob Arrington 0-0: Called Strike
0-1: Ball
1-1: Ball
2-1: Fielders Choice at 2nd, 1-6 (Groundball, 13, EV 81.9 MPH)
Batting: LHB Rodney McClellan 0-0: Ball
Bob Arrington steals 2nd base
1-0: Called Strike
1-1: Foul Ball, location: 2F
1-2: Ball
2-2: Foul Ball, location: 2F
2-2: Ground out 5-3 (Groundball, 5L, EV 83.8 MPH)
Top of the 1st over - 0 runs, 1 hit, 0 errors, 1 left on base; Montgomery 0 - Redwood 0
BOTTOM OF THE 1ST
Redwood Rhinos batting - Pitching for Montgomery Biscuits : RHP Ron Holland
Pitching: RHP Ron Holland
Batting: LHB Jeffery Smith 0-0: Swinging Strike
0-1: Called Strike
0-2: Fly out, F6 (Popup, 15S, EV 90.0 MPH)
Batting: SHB Nathan Brannon 0-0: Called Strike
0-1: Swinging Strike
0-2: SINGLE (Line Drive, 89S, EV 93.1 MPH)
Batting: RHB Lautaro Lacasa 0-0: Called Strike
0-1: Called Strike
0-2: Ball
1-2: Fielders Choice at 2nd, 6-4 (Groundball, 6, EV 88.1 MPH)
Batting: RHB Joe Hensball 0-0: Called Strike
0-1: Ground out 4-3 (Groundball, 4S, EV 82.5 MPH)
Bottom of the 1st over - 0 runs, 1 hit, 0 errors, 1 left on base; Montgomery 0 - Redwood 0
TOP OF THE 2ND
Montgomery Biscuits batting - Pitching for Redwood Rhinos : RHP Gonzalo Rossi
Batting: RHB Chris Carson 0-0: Ball
1-0: SINGLE (Groundball, 34D, EV 103.8 MPH)
Batting: RHB Rickard Busald 0-0: Called Strike
0-1: Fly out, F8 (Flyball, 8RD, EV 98.1 MPH)
Batting: SHB Ning-qing Chao 0-0: Grounds into double play, 4-6-3 (Groundball, 4, EV 81.9 MPH)
Top of the 2nd over - 0 runs, 1 hit, 0 errors, 0 left on base; Montgomery 0 - Redwood 0
BOTTOM OF THE 2ND
Redwood Rhinos batting - Pitching for Montgomery Biscuits : RHP Ron Holland
Batting: LHB George Runnalls 0-0: Ball
1-0: Ball
2-0: Ball
3-0: Base on Balls
Batting: LHB Boboy Enabore 0-0: Foul Ball, location: 2F
0-1: SINGLE (Groundball, 34, EV 90.6 MPH) (infield hit)
George Runnalls to second
Batting: RHB Donald Boyd 0-0: Ball
1-0: Called Strike
1-1: Foul Ball, location: 2F
1-2: Foul Ball, location: 2F
1-2: Foul Ball, location: 2F
1-2: Strikes out swinging
Batting: RHB Noud Baggerman 0-0: SINGLE (Groundball, 6MD, EV 104.4 MPH)
George Runnalls to third
Boboy Enabore to second
Runner from 3rd tries for Home, SAFE, throw by CF to trailing runner, OUT at third! 8-5
Batting: RHB Will Ross 0-0: Ball
1-0: Ball
2-0: Foul Ball, location: 2F
2-1: Foul Ball, location: 2F
Pickoff Throw to First - Out! 1-3
Bottom of the 2nd over - 1 run, 2 hits, 0 errors, 0 left on base; Montgomery 0 - Redwood 1
TOP OF THE 3RD
Montgomery Biscuits batting - Pitching for Redwood Rhinos : RHP Gonzalo Rossi
Batting: RHB Mike Hunt 0-0: Swinging Strike
0-1: Swinging Strike
0-2: Ball
1-2: Ball
2-2: Foul Ball, location: 2F
2-2: Strikes out swinging, 2-3 out at first.
Batting: RHB Jason Middleton 0-0: Called Strike
0-1: Fly out, F3 (Line Drive, 3, EV 67.5 MPH)
Batting: RHB Beau Stroud 0-0: Called Strike
0-1: Ball
1-1: Ball
2-1: Foul Ball, location: 2F
2-2: Ball
3-2: Strikes out swinging
Top of the 3rd over - 0 runs, 0 hits, 0 errors, 0 left on base; Montgomery 0 - Redwood 1
BOTTOM OF THE 3RD
Redwood Rhinos batting - Pitching for Montgomery Biscuits : RHP Ron Holland
Batting: RHB Will Ross 0-0: Ball
1-0: Ball
2-0: Foul Ball, location: 2F
2-1: SINGLE (Groundball, 6MD, EV 108.1 MPH)
Batting: LHB Jeffery Smith 0-0: Foul Ball, location: 2F
0-1: Ball
1-1: Ball
2-1: Swinging Strike
2-2: Ball
3-2: Base on Balls
Will Ross to second
Batting: SHB Nathan Brannon 0-0: Ball
1-0: Foul Ball, location: 2F
1-1: Fly out, F6 (Line Drive, 6, EV 68.8 MPH)
Batting: RHB Lautaro Lacasa 0-0: Fielders Choice at 2nd, 3-6 (Groundball, 34, EV 84.4 MPH)
Will Ross to third
Batting: RHB Joe Hensball 0-0: Ball
1-0: Fly out, F7 (Flyball, 7S, EV 85.6 MPH)
Bottom of the 3rd over - 0 runs, 1 hit, 0 errors, 2 left on base; Montgomery 0 - Redwood 1
TOP OF THE 4TH
Montgomery Biscuits batting - Pitching for Redwood Rhinos : RHP Gonzalo Rossi
Batting: RHB Emílio Vivas 0-0: Called Strike
0-1: Ball
1-1: Ball
2-1: Ball
3-1: Called Strike
3-2: SINGLE (Groundball, 6MD, EV 95.0 MPH)
Batting: LHB Bob Arrington 0-0: DOUBLE (Groundball, 3L, EV 102.5 MPH)
Emílio Vivas to third
Batting: LHB Rodney McClellan 0-0: Foul Ball, location: 2F
0-1: Called Strike
0-2: Strikes out swinging
Batting: RHB Chris Carson 0-0: Called Strike
0-1: Fly out, F8 (Flyball, 78S, EV 76.2 MPH)
Batting: RHB Rickard Busald 0-0: Ball
1-0: Ball
2-0: Ball
3-0: Called Strike
3-1: Base on Balls
Pitching: RHP Blair Albrecht
Batting: SHB Ning-qing Chao 0-0: Ball
1-0: Called Strike
1-1: Ball
2-1: Ball
3-1: Base on Balls
Emílio Vivas scores
Bob Arrington to third
Rickard Busald to second
Batting: RHB Mike Hunt 0-0: Foul Ball, location: 2F
0-1: Called Strike
0-2: Fielders Choice at 2nd, 6-4 (Groundball, 6, EV 77.5 MPH)
Top of the 4th over - 1 run, 2 hits, 0 errors, 3 left on base; Montgomery 1 - Redwood 1
BOTTOM OF THE 4TH
Redwood Rhinos batting - Pitching for Montgomery Biscuits : RHP Ron Holland
Batting: LHB George Runnalls 0-0: SINGLE (Line Drive, 9S, EV 91.9 MPH)
Batting: LHB Boboy Enabore 0-0: Ball
1-0: Ball
2-0: DOUBLE (Line Drive, 78M, EV 102.5 MPH)
George Runnalls to third
Batting: RHB Donald Boyd 0-0: Called Strike
0-1: Swinging Strike
0-2: Ball
1-2: Strikes out swinging
Batting: RHB Noud Baggerman 0-0: Ball
1-0: Ball
2-0: Foul Ball, location: 2F
2-1: Swinging Strike
2-2: Ball
3-2: Base on Balls
Batting: RHB Will Ross 0-0: Ball
1-0: Called Strike
1-1: Called Strike
1-2: Strikes out swinging
Batting: LHB Jeffery Smith 0-0: Ball
1-0: Ball
2-0: Ball
3-0: Called Strike
3-1: Swinging Strike
3-2: Foul Ball, location: 2F
3-2: Base on Balls
George Runnalls scores
Boboy Enabore to third
Noud Baggerman to second
Batting: SHB Nathan Brannon 0-0: Ball
1-0: Ball
2-0: Ground out 1-3 (Groundball, 34S, EV 86.9 MPH)
Bottom of the 4th over - 1 run, 2 hits, 0 errors, 3 left on base; Montgomery 1 - Redwood 2
TOP OF THE 5TH
Montgomery Biscuits batting - Pitching for Redwood Rhinos : RHP Blair Albrecht
Batting: RHB Jason Middleton 0-0: Ball
1-0: Called Strike
1-1: Called Strike
1-2: Foul Ball, location: 2F
1-2: Foul Ball, location: 2F
1-2: Ground out 1-3 (Groundball, P, EV 65.0 MPH)
Batting: RHB Beau Stroud 0-0: Foul Ball, location: 2F
0-1: Called Strike
0-2: Foul Ball, location: 2F
0-2: Ball
1-2: Foul Ball, location: 2F
1-2: Ball
2-2: Ground out 4-3 (Groundball, 4M, EV 75.6 MPH)
Batting: RHB Emílio Vivas 0-0: Ball
1-0: Ball
2-0: Foul Ball, location: 2F
2-1: Foul Ball, location: 2F
2-2: Ball
3-2: Strikes out swinging
Top of the 5th over - 0 runs, 0 hits, 0 errors, 0 left on base; Montgomery 1 - Redwood 2
BOTTOM OF THE 5TH
Redwood Rhinos batting - Pitching for Montgomery Biscuits : RHP Ron Holland
Batting: RHB Lautaro Lacasa 0-0: Ball
1-0: Ball
2-0: SINGLE (Line Drive, 7S, EV 111.2 MPH)
Batting: RHB Joe Hensball 0-0: Ball
1-0: SINGLE (Flyball, 78M, EV 97.5 MPH)
Lautaro Lacasa to second
Batting: LHB George Runnalls 0-0: Called Strike
Lautaro Lacasa steals 3rd base
0-1: Ball
1-1: Called Strike
1-2: Foul Ball, location: 2F
1-2: Strikes out looking
Batting: LHB Boboy Enabore 0-0: Foul Ball, location: 2F
0-1: DOUBLE (Line Drive, 9LD, EV 106.2 MPH)
Lautaro Lacasa scores
Joe Hensball to third
Batting: RHB Donald Boyd 0-0: Called Strike
0-1: Ball
1-1: SINGLE (Flyball, 7S, EV 85.0 MPH)
Joe Hensball scores
Boboy Enabore to third
Runner from 3rd tries for Home, SAFE, throw by LF to home
Pitching: RHP Hisanobu Yamashita
Batting: RHB Noud Baggerman 0-0: Ball
1-0: Grounds into double play, 6-4-3 (Groundball, 6, EV 96.2 MPH)
Bottom of the 5th over - 3 runs, 4 hits, 0 errors, 0 left on base; Montgomery 1 - Redwood 5
TOP OF THE 6TH
Montgomery Biscuits batting - Pitching for Redwood Rhinos : RHP Blair Albrecht
Batting: LHB Bob Arrington 0-0: Called Strike
0-1: Ball
1-1: Ball
2-1: Ball
3-1: SINGLE (Line Drive, 7S, EV 95.6 MPH)
Batting: LHB Rodney McClellan 0-0: Called Strike
0-1: Swinging Strike
0-2: Ball
1-2: Strikes out swinging
Batting: RHB Chris Carson 0-0: Called Strike
0-1: SINGLE (Line Drive, 7S, EV 100.0 MPH)
Bob Arrington to second
Batting: RHB Rickard Busald 0-0: Foul Ball, location: 2F
0-1: Fly out, F9 (Flyball, 89M, EV 90.0 MPH)
Batting: SHB Ning-qing Chao 0-0: Called Strike
0-1: Foul Ball, location: 2F
0-2: Ball
1-2: Strikes out looking
Top of the 6th over - 0 runs, 2 hits, 0 errors, 2 left on base; Montgomery 1 - Redwood 5
BOTTOM OF THE 6TH
Redwood Rhinos batting - Pitching for Montgomery Biscuits : RHP Hisanobu Yamashita
Batting: RHB Will Ross 0-0: Ground out 5-3 (Groundball, 56S, EV 73.8 MPH)
Batting: LHB Jeffery Smith 0-0: Ball
1-0: Fly out, F8 (Line Drive, 8LM, EV 96.9 MPH)
Batting: SHB Nathan Brannon 0-0: Called Strike
0-1: Hit by Pitch
Batting: RHB Lautaro Lacasa 0-0: Called Strike
0-1: Hit by Pitch
Nathan Brannon to second
Batting: RHB Joe Hensball 0-0: SINGLE (Flyball, 78M, EV 92.5 MPH)
Nathan Brannon to third
Lautaro Lacasa to second
Runner from 3rd tries for Home, SAFE, no throw by CF
Batting: LHB George Runnalls 0-0: Ball
1-0: Ball
2-0: Foul Ball, location: 2F
2-1: Foul Ball, location: 2F
2-2: Foul Ball, location: 2F
2-2: Strikes out swinging
Bottom of the 6th over - 1 run, 1 hit, 0 errors, 2 left on base; Montgomery 1 - Redwood 6
TOP OF THE 7TH
Montgomery Biscuits batting - Pitching for Redwood Rhinos : RHP Blair Albrecht
Batting: RHB Mike Hunt 0-0: Called Strike
0-1: Ball
1-1: Swinging Strike
1-2: Strikes out swinging
Batting: RHB Jason Middleton 0-0: Foul Ball, location: 2F
0-1: Ball
1-1: Ball
2-1: TRIPLE (Flyball, 89XD, EV 101.2 MPH)
Pitching: RHP Dale Keith
Batting: RHB Beau Stroud 0-0: Called Strike
0-1: Swinging Strike
0-2: Ball
1-2: SINGLE (Flyball, 9S, EV 90.6 MPH)
Jason Middleton scores
Batting: RHB Emílio Vivas 0-0: Called Strike
0-1: Ball
1-1: Fly out, F7 (Line Drive, 7D, EV 103.1 MPH)
Batting: LHB Bob Arrington 0-0: Ball
1-0: Ball
2-0: Foul Ball, location: 2F
2-1: Ball
3-1: Foul Ball, location: 2F
3-2: Base on Balls
Beau Stroud to second
Batting: LHB Rodney McClellan 0-0: Called Strike
0-1: Ball
1-1: Ball
Wild Pitch!
Beau Stroud to third
Bob Arrington to second
2-1: Ball
3-1: Base on Balls
Batting: RHB Chris Carson 0-0: Called Strike
0-1: Ball
1-1: Ball
2-1: SINGLE (Line Drive, 89M, EV 95.6 MPH)
Beau Stroud scores
Bob Arrington to third
Rodney McClellan to second
Runner from 3rd tries for Home, SAFE, throw by RF to home
Batting: RHB Rickard Busald 0-0: Ball
1-0: Called Strike
1-1: Ball
2-1: Ball
3-1: Called Strike
3-2: Foul Ball, location: 2F
3-2: Fly out, F9 (Flyball, 9, EV 90.0 MPH)
Top of the 7th over - 3 runs, 3 hits, 0 errors, 2 left on base; Montgomery 4 - Redwood 6
BOTTOM OF THE 7TH
Redwood Rhinos batting - Pitching for Montgomery Biscuits : RHP Hisanobu Yamashita
Batting: LHB Boboy Enabore 0-0: Ball
1-0: Ball
2-0: Ball
3-0: Base on Balls
Batting: RHB Donald Boyd 0-0: Called Strike
0-1: Foul Ball, location: 2F
0-2: Grounds into double play, 1-4-3 (Groundball, P, EV 77.5 MPH)
Batting: RHB Noud Baggerman 0-0: Called Strike
0-1: Ball
1-1: Swinging Strike
1-2: Strikes out looking
Bottom of the 7th over - 0 runs, 0 hits, 0 errors, 0 left on base; Montgomery 4 - Redwood 6
TOP OF THE 8TH
Montgomery Biscuits batting - Pitching for Redwood Rhinos : RHP Dale Keith
Batting: SHB Ning-qing Chao 0-0: Ball
1-0: Called Strike
1-1: Fly out, F6 (Flyball, 6D, EV 86.9 MPH)
Batting: RHB Mike Hunt 0-0: Hit by Pitch
Batting: RHB Jason Middleton 0-0: Ball
1-0: Called Strike
1-1: Swinging Strike
1-2: Ball
2-2: Ball
3-2: Foul Ball, location: 2F
3-2: Foul Ball, location: 2F
3-2: Foul Ball, location: 2F
3-2: Grounds into double play, 5-4-3 (Groundball, 56, EV 84.4 MPH)
Top of the 8th over - 0 runs, 0 hits, 0 errors, 0 left on base; Montgomery 4 - Redwood 6
BOTTOM OF THE 8TH
Redwood Rhinos batting - Pitching for Montgomery Biscuits : RHP Hisanobu Yamashita
Batting: RHB Will Ross 0-0: Called Strike
0-1: Ground out 6-3 (Groundball, 6, EV 101.9 MPH)
Batting: LHB Jeffery Smith 0-0: Ball
1-0: Called Strike
1-1: Ball
2-1: Ball
3-1: SINGLE (Groundball, 6, EV 88.8 MPH) (infield hit)
Pinch Runner at 1st Abednego Ashpenaz:
Batting: SHB Nathan Brannon 0-0: Called Strike
0-1: Ball
1-1: Called Strike
1-2: Foul Ball, location: 2F
1-2: Strikes out swinging
Batting: RHB Lautaro Lacasa 0-0: Fielders Choice at 2nd, 5-4 (Groundball, 56, EV 101.2 MPH)
Bottom of the 8th over - 0 runs, 1 hit, 0 errors, 1 left on base; Montgomery 4 - Redwood 6
TOP OF THE 9TH
Montgomery Biscuits batting - Pitching for Redwood Rhinos : RHP Dale Keith
Pitching: RHP Bjorn Hondelink
Now at SS: Abednego Ashpenaz
Now in LF: Patrick McKnight
Batting: RHB Beau Stroud 0-0: Fly out, F9 (Line Drive, 9D, EV 96.9 MPH)
Batting: RHB Emílio Vivas 0-0: SINGLE (Groundball, 56D, EV 100.0 MPH)
Batting: LHB Bob Arrington 0-0: Called Strike
0-1: Called Strike
0-2: Foul Ball, location: 2F
0-2: Ball
Wild Pitch!
Emílio Vivas to second
1-2: Strikes out looking
Batting: LHB Rodney McClellan 0-0: Called Strike
0-1: Ball
1-1: Swinging Strike
1-2: Ball
2-2: Ball
Wild Pitch!
Emílio Vivas to third
3-2: Base on Balls
Batting: RHB Chris Carson 0-0: Called Strike
0-1: Ball
1-1: Ball
2-1: Swinging Strike
2-2: Foul Ball, location: 2F
2-2: Ball
3-2: Base on Balls
Rodney McClellan to second
Batting: RHB Rickard Busald 0-0: Foul Ball, location: 2F
0-1: Ball
1-1: Ball
2-1: Called Strike
2-2: Fly out, F9 (Flyball, 9S, EV 95.0 MPH)
Top of the 9th over - 0 runs, 1 hit, 0 errors, 3 left on base; Montgomery 4 - Redwood 6
Friday, April 17th, 2020 - OOTP Baseball 20.8 Build 74